 Dungeon Crawl Stone Soup version 0.24-a0-284-g9fb9971 (webtiles) character file.

Game seed: 11387926750518500540

56 Anon1729 the Sneak (level 3, -6/34 HPs)
             Began as a Naga Monk on May 4, 2019.
             Mangled by a goblin
             ... wielding a +0 dagger
             ... led by Robin
              (7 damage)
             ... on level 2 of the Dungeon.
             The game lasted 00:01:42 (1592 turns).

Anon1729 the Sneak (Naga Monk)                      Turns: 1592, Time: 00:01:42

Health: -6/34      AC:  2    Str: 13    XL:     3   Next: 95%
Magic:  3/3        EV: 11    Int: 10    God:
Gold:   96         SH:  0    Dex: 14    Spells: 2/2 levels left

rFire    . . .     SeeInvis +   a - +0 falchion
rCold    . . .     Gourm    .   (no shield)
rNeg     . . .     Faith    .   b - +0 robe
rPois    +         Spirit   .   (no helmet)
rElec    .         Reflect  .   (no cloak)
rCorr    .         Harm     .   (no gloves)
MR       .....                  (no barding)
Stlth    +++.......             (no amulet)
HPRegen  0.11/turn              g - ring of flight
MPRegen  0.08/turn              (no ring)

@: short of breath, very slow
A: large, see invisible, deformed body, poison resistance, slowness 2, slow
metabolism 1, spit poison 1, AC +1
a: Spit Poison, Evoke Flight


You were on level 2 of the Dungeon.
You were hungry.

You visited 1 branch of the dungeon, and saw 2 of its levels.

You collected 96 gold pieces.

Inventory:

Hand Weapons
 a - a +0 falchion (weapon)
 n - a +0 great sword
Armour
 b - a +0 robe (worn)
Jewellery
 g - a ring of flight (left hand)
Scrolls
 d - 2 scrolls of enchant weapon {unknown}
 f - a scroll of fog {unknown}
 k - a scroll of identify {unknown}
 l - a scroll of remove curse {unknown}
 m - a scroll of blinking {unknown}
Potions
 e - a potion of degeneration {unknown}
 h - a potion of invisibility {unknown}
 j - 2 potions of heal wounds {unknown}
Comestibles
 c - 3 rations
 i - 2 chunks of flesh


   Skills:
 + Level 3.3 Fighting
 * Level 3.7 Long Blades
 + Level 2.8 Dodging
 + Level 3.9 Stealth


You had 2 spell levels left.
You didn't know any spells.
Your spell library was empty.

Dungeon Overview and Level Annotations

Branches:
Dungeon (2/15)

Altars:
Fedhas

Annotations:
D:2 Robin


Innate Abilities, Weirdness & Mutations

You cannot wear boots.
Your serpentine skin is tough. (AC +1)
You have supernaturally acute eyesight. (SInv)
Armour fits poorly on your strangely shaped body.
Your system is resistant to poisons. (rPois)
You cover ground very slowly.
You have a slow metabolism.
You can spit poison.


Message History

The hobgoblin is poisoned.
The hobgoblin is lightly wounded.
You feel slightly more hungry. The goblin hits you but does no damage.
Robin roars a battlecry!
The goblins go into a battle-frenzy!
The hobgoblin hits you with a +0 club!
* * * LOW HITPOINT WARNING * * *
You hit the goblin.
You kill the goblin!
The hobgoblin barely misses you.
You are feeling hungry.
Robin throws the goblin at you!
* * * LOW HITPOINT WARNING * * *
The goblin hits you but does no damage. x2
Things that are here:
a +0 dagger; a goblin corpse You hit the goblin but do no damage.
The hobgoblin hits you with a +0 club.
* * * LOW HITPOINT WARNING * * *
The goblin hits you with a +0 dagger!
You die...

#......#...####.
#.............#.
#...............
###.#.........##
########.####...####
................#
########.####...#
#########.# #####
#gggg@g...#
....g######### ... .


You could see Robin, 3 hobgoblins and 2 goblins.

Vanquished Creatures
  An adder (D:2)
  An ooze (D:1)
  3 worms (D:2)
  A dart slug (D:1)
  A ball python (D:1)
  A giant cockroach (D:1)
  4 goblins
  7 hobgoblins
  3 kobolds (D:1)
  5 bats
  A frilled lizard (D:1)
  3 rats
31 creatures vanquished.

Notes
Turn   | Place    | Note
-------+----------+-------------------------------------------
     0 | D:1      | Anon1729 the Naga Monk began the quest for the Orb.
     0 | D:1      | Reached XP level 1. HP: 21/21 MP: 1/1
    51 | D:1      | Reached XP level 2. HP: 17/28 MP: 2/2
   976 | D:1      | Reached XP level 3. HP: 31/34 MP: 3/3
  1199 | D:2      | Found a blossoming altar of Fedhas.
  1580 | D:2      | Noticed Robin
  1592 | D:2      | HP: 1/34 [hobgoblin/+0 club[Robin] (4)]
  1592 | D:2      | Mangled by a goblin

Levels and vault maps discovered:
D:1:      eino_arrival_water_cross, layout_loops_ring
D:2:      layout_loops_ring, lemuel_round_altar, led_sif_pool,
          minmay_misc_feat_five, uniq_robin, uniq_crazy_yiuf_cottage

Action                   || total
-------------------------++-------
Melee: Falchion          ||    89
       Great sword       ||     9
 Abil: Spit Poison       ||     3
 Stab: Sleeping          ||     6
  Eat: Chunk             ||     1
Armor: Robe              ||    14
Dodge: Dodged            ||    52
       Rpst.: Falchion   ||    16
       Great sword       ||     2

Table legend:
 A = Non-vault XP
 B = Vault XP
 C = Vault XP percentage of total XP
 D = Non-vault monster count
 E = Vault monster count
 F = Vault count percentage of total count
                 A         B        C        D         E       F
            +---------+---------+-------+---------+---------+-------
      Total |      72 |       8 |  10.0 |      27 |       4 |  12.9
            +---------+---------+-------+---------+---------+-------
        D:1 |      37 |       0 |   0.0 |      18 |       0 |   0.0
        D:2 |      35 |       8 |  18.6 |       9 |       4 |  30.8
            +---------+---------+-------+---------+---------+-------
